 Dungeon Crawl Stone Soup version 0.28.0-53-g5a82cb258f (webtiles) character file.

Game seed: 12434220871681231627

13 cheechan the Sneak (level 2, 14/17 HPs)
             Began as an Octopode Enchanter on June 9, 2022.
             Quit the game on level 1 of the Dungeon.
             The game lasted 00:00:49 (237 turns).

cheechan the Sneak (Octopode Enchanter)              Turns: 237, Time: 00:00:49

Health: 14/17      AC:  1    Str:  7    XL:     2   Next: 37%
Magic:  5/5        EV: 13    Int: 17    God:
Gold:   46         SH:  0    Dex: 12    Spells: 3/5 levels left

rFire   . . .      SeeInvis .   a - +1 dagger
rCold   . . .      Faith    .   (no shield)
rNeg    . . .      Spirit   .   (helmet restricted)
rPois   .          Reflect  .   (no amulet)
rElec   .          Harm     .   (no ring)
rCorr   .          Rampage  .   (no ring)
Will    .....                   (no ring)
Stlth   ++++......              (no ring)
HPRegen 0.05/turn               (no ring)
MPRegen 0.09/turn               (no ring)
                                (no ring)
                                (no ring)

@: no status effects
A: almost no armour, amphibious, 8 rings, camouflage 1, gelatinous body 1,
(nimble swimmer 1), tentacles
a: no special abilities


You were on level 1 of the Dungeon.
You visited 1 branch of the dungeon, and saw 1 of its levels.

You collected 46 gold pieces.

Inventory:

Hand Weapons
 a - a +1 dagger (weapon)
Missiles
 e - 15 arrows
Potions
 b - a potion of invisibility
 c - a potion of flight {unknown}
 d - a potion of lignification {unknown}


   Skills:
 + Level 1.0 Short Blades
 + Level 2.1 Dodging
 + Level 4.3 Stealth
 + Level 2.1 Spellcasting
 + Level 3.3 Hexes


You had 3 spell levels left.
You knew the following spells:

 Your Spells              Type           Power      Damage    Failure   Level
a - Ensorcelled Hibernat  Hex/Ice        14%        N/A       14%         2

Your spell library contained the following spells:

 Spells                   Type           Power      Damage    Failure   Level
 Confusing Touch          Hex            13%        N/A       14%         3
 Tukima's Dance           Hex            13%        N/A       14%         3
 Dazzling Flash           Conj/Hex       14%        N/A       28%         3


Dungeon Overview and Level Annotations

Branches:
Dungeon (1/15)

Altars:


Innate Abilities, Weirdness & Mutations

You cannot wear most types of armour.
You are amphibious.
You can wear up to eight rings at the same time.
Your skin changes colour to match your surroundings (Stealth+).
Your rubbery body absorbs attacks. (AC +1, EV +1)
((You are camouflaged when in or above water. (Stealth+)))
You have tentacles for arms and can constrict up to eight enemies at once.


Message History

You barely miss the frilled lizard.
The frilled lizard is heavily wounded.
You constrict the frilled lizard, but do no damage.
The frilled lizard closely misses you.
You barely miss the frilled lizard. Your squeeze misses the frilled lizard.
The frilled lizard is heavily wounded.
You constrict the frilled lizard.
You kill the frilled lizard!
Things that are here:
a frilled lizard corpse; a frilled lizard corpse
Found a stone staircase leading down.
Found a metallic orange potion.
Memorise Ensorcelled Hibernation, consuming 2 spell levels and leaving 3?
You start memorising the spell.
You continue memorising. x2
You finish memorising.
Spell assigned to 'a'.
Found 3 gold pieces.
d - a metallic orange potion You now have 38 gold pieces (gained 3).
You open the door.
Found 15 arrows.
There is an open door here.
You see here 15 arrows.
e - 15 arrows You open the door.
There is an open door here.
A ball python comes into view.
Found 8 gold pieces.
The ball python closely misses you. x2
You see here 8 gold pieces.
You closely miss the ball python. Your grab misses the ball python.
The ball python barely misses you. x3; The ball python closely misses you.
You closely miss the ball python. Your grab misses the ball python.
The ball python misses you. The ball python barely misses you.
You hit the ball python but do no damage.
You grab the ball python. You squeeze the ball python.
You kill the ball python!
You see here a ball python corpse.
You see here a ball python corpse.
You now have 46 gold pieces (gained 8).
Are you sure you want to abandon this character and quit the game? (Confirm with "yes".)

### #####.#
#.....### #.......#
+#.......#
.#.......##########
...###'####.....@.#
.### #.# #.#####.#
.# #.# #.# #.# .#
#.# #.# #.# .# #.#
#†# #.# .#
#.####.#####.# .#
#....#.#.....# .#
####.#.#.##### >#
######.#.#.#


There were no monsters in sight!

Vanquished Creatures
  A dart slug (D:1)
  A ball python (D:1)
  A goblin (D:1)
  A quokka (D:1)
  9 frilled lizards (D:1)
13 creatures vanquished.

Notes
Turn   | Place    | Note
-------+----------+-------------------------------------------
     0 | D:1      | cheechan the Octopode Enchanter began the quest for the
                  | Orb.
     0 | D:1      | Reached XP level 1. HP: 11/11 MP: 3/3
   111 | D:1      | Reached XP level 2. HP: 14/17 MP: 5/5
   150 | D:1      | Learned a level 2 spell: Ensorcelled Hibernation
   237 | D:1      | Quit the game

Illustrated notes

Levels and vault maps discovered:
D:1:      amcnicky_arrival_underground_garden, layout_basic,
          roderic_roman_lattice, minmay_lizard_pond

Action                   || total
-------------------------++-------
Melee: Dagger            ||    29
       Constrict         ||     7
       Tentacles         ||     4
 Stab: Sleeping          ||     2
Armor: Skin              ||     4
Dodge: Dodged            ||    26
